 Dungeon Crawl Stone Soup version 0.24-a0-513-g284f782df5 (webtiles) character file.

Game seed: 15056544714386506343

81 Azzok the Digger (level 4, -5/30 HPs)
             Began as a Barachi Earth Elementalist on July 20, 2019.
             Slain by a worm (8 damage)
             ... on level 2 of the Dungeon.
             The game lasted 00:02:22 (1806 turns).

Azzok the Digger (Barachi Earth Elementalist)       Turns: 1806, Time: 00:02:23

Health: -5/30      AC:  2    Str:  9    XL:     4   Next: 42%
Magic:  0/9        EV: 12    Int: 17    God:
Gold:   33         SH:  0    Dex: 12    Spells: 5/9 levels left

rFire    . . .     SeeInvis .   k - +0 club
rCold    . . .     Gourm    .   (no shield)
rNeg     . . .     Faith    .   c - +0 robe
rPois    .         Spirit   .   (no helmet)
rElec    .         Reflect  .   (no cloak)
rCorr    .         Harm     .   (no gloves)
MR       .....                  (no boots)
Stlth    ++........             (no amulet)
HPRegen  0.10/turn              (no ring)
MPRegen  0.11/turn              (no ring)

@: slow
A: +LOS, swims, slowness 1, strong legs 1
a: Hop


You were on level 2 of the Dungeon.
You were not hungry.

You visited 1 branch of the dungeon, and saw 2 of its levels.

You collected 33 gold pieces.

Inventory:

Hand Weapons
 k - a +0 club (weapon)
Missiles
 b - 78 stones (quivered)
Armour
 c - a +0 robe (worn)
Scrolls
 e - a scroll of amnesia
 h - a scroll of remove curse
 i - 3 scrolls of teleportation
 j - a scroll of magic mapping {unknown}
Potions
 f - 2 potions of flight {unknown}
 g - 2 potions of invisibility {unknown}
Comestibles
 d - 2 rations


   Skills:
 - Level 2.1 Dodging
 - Level 1.7 Stealth
 + Level 3.4 Spellcasting
 + Level 1.5 Conjurations
   Level 1.1 Transmutations
 + Level 3.9 Earth Magic


You had 5 spell levels left.
You knew the following spells:

 Your Spells              Type           Power        Failure   Level  Hunger
a - Sandblast             Erth           ###...       3%          1    None
b - Stone Arrow           Conj/Erth      ##....       16%         3    ###....

Your spell library contained the following spells:

 Spells                   Type           Power        Failure   Level  Hunger
 Passwall                 Tmut/Erth      ##......     9%          2    ##.....
 Petrify                  Tmut/Erth      ##......     52%         4    ####...
 Lee's Rapid Deconstruct  Erth           ###.......   65%         5    ######.


Dungeon Overview and Level Annotations

Branches:
Dungeon (2/15)

Altars:


Innate Abilities, Weirdness & Mutations

Shadows flee at your approach. (+LOS)
You can swim through water.
You cover ground slowly.
You can hop short distances.


Message History

b - 78 stones
* * * LOW MAGIC WARNING * * *
The jackal barely misses you. The worm bites you!
* * * LOW HITPOINT WARNING * * *
Casting: Sandblast (safe; 3% risk of failure)
Confirm with . or Enter, or press ? or * to list all spells.
You don't have enough magic to cast that spell.
You closely miss the jackal.
The jackal is severely wounded.
The jackal barely misses you. The jackal closely misses you.
You hit the jackal but do no damage.
The jackal is severely wounded.
The jackal misses you. The worm bites you.
* * * LOW HITPOINT WARNING * * *
The jackal bites you.
* * * LOW HITPOINT WARNING * * *
You closely miss the jackal.
The jackal is severely wounded.
The jackal barely misses you. The worm bites you!
You die...

▒·▒·▒·▒▒▒▒▒·▒▒▒·▒·▒··
▒·▒·▒·······▒ ▒·▒>▒▒▒
▒▒▒▒▒·▒····▒▒▒▒▒▒
▒·▒·▒ ▒·······▒▒·▒
··▒·▒▒▒ ▒▒·▒▒▒▒▒▒▒·▒
▒▒▒<··· ▒··▒·······▒
▒▒▒▒▒ ▒▒·▒·▒▒▒▒▒▒▒
▒····▒·w·▒ ▒▒
▒·▒··▒▒▒·▒@▒ ·
▒······b·▒h▒ ·▒▒▒ ▒
▒▒▒▒▒▒▒···h▒ ·····▒▒
▒▒▒·▒▒▒▒ ▒··· ▒···▒
▒▒▒▒ ▒w▒▒▒ ▒···
▒··········▒ ▒···
▒··w·······▒ ▒·▒▒▒▒
▒▒·▒▒·h·s▒·▒ ▒·····


You could see a worm and 2 jackals.

Vanquished Creatures
  3 adders (D:2)
  2 dart slugs (D:1)
  4 leopard geckos (D:1)
  8 bats
  5 giant cockroaches
  5 goblins
  4 hobgoblins
  4 jackals (D:2)
  A ball python (D:2)
  3 frilled lizards
  A kobold (D:2)
  4 rats
44 creatures vanquished.

Notes
Turn   | Place    | Note
-------+----------+-------------------------------------------
     0 | D:1      | Azzok the Barachi Earth Elementalist began the quest for
                  | the Orb.
     0 | D:1      | Reached XP level 1. HP: 13/13 MP: 3/3
   129 | D:1      | Reached XP level 2. HP: 19/19 MP: 2/5
   646 | D:1      | Reached XP level 3. HP: 24/24 MP: 4/7
   651 | D:1      | Learned a level 3 spell: Stone Arrow
  1319 | D:2      | Reached skill level 1 in Conjurations
  1420 | D:2      | Reached XP level 4. HP: 30/30 MP: 4/8
  1806 | D:2      | Slain by a worm

Levels and vault maps discovered:
D:1:      wander_arrival_desolate, layout_loops_cross, hex_tiny
D:2:      layout_basic

Skill      XL: |  1  2  3 |
---------------+----------+-----
Spellcasting   | 3 |  3.4
Conjurations   | 1 |  1.5
Dodging        | |  2.1
Stealth        | |  1.7
Transmutations | |  1.1
Earth Magic    | |  3.9

Action                   |  1- 3 |  4- 6 || total
-------------------------+-------+-------++-------
Melee: Unarmed           |    30 |       ||    30
       Club              |    12 |    19 ||    31
 Cast: Sandblast         |    31 |    12 ||    43
       Stone Arrow       |     5 |     7 ||    12
  Use: Scroll            |     3 |       ||     3
 Stab: Sleeping          |     1 |       ||     1
  Eat: Chunk             |     2 |     3 ||     5
Armor: Robe              |    15 |    15 ||    30
Dodge: Dodged            |    49 |    40 ||    89

Table legend:
 A = Non-vault XP
 B = Vault XP
 C = Vault XP percentage of total XP
 D = Non-vault monster count
 E = Vault monster count
 F = Vault count percentage of total count
                 A         B        C        D         E       F
            +---------+---------+-------+---------+---------+-------
      Total |     117 |       0 |   0.0 |      44 |       0 |   0.0
            +---------+---------+-------+---------+---------+-------
        D:1 |      48 |       0 |   0.0 |      24 |       0 |   0.0
        D:2 |      69 |       0 |   0.0 |      20 |       0 |   0.0
            +---------+---------+-------+---------+---------+-------
